 Dungeon Crawl Stone Soup version bcrawl-1.19.2-6-g6a88ae04c9 (webtiles) character file.

Game seed: 100606614904041445

128 Mrkan the Shield-Bearer (level 5, -9/47 HPs)
             Began as a Gnoll Fighter on Dec 21, 2019.
             Killed by divine providence
             ... invoked by an orc priest
              (15 damage)
             ... on level 4 of the Dungeon.
             The game lasted 00:03:21 (3020 turns).

Mrkan the Shield-Bearer (Gnoll Fighter)             Turns: 3020, Time: 00:03:22

Health: -9/47      AC: 10    Str: 19    XL:     5   Next: 11%
Magic:  7/7        EV:  6    Int: 11    God:
Gold:   190        SH: 10    Dex: 14    Spells: 6/6 levels left

rFire    . . .     SeeInvis .   a - +0 trident
rCold    . . .     Gourm    .   c - +0 shield
rNeg     . . .     Faith    .   q - +0 chain mail
rPois    .         Spirit   .   (no helmet)
rElec    .         Reflect  .   (no cloak)
rCorr    .         Harm     .   (no gloves)
MR       .....                  (no boots)
Stlth    ..........             (no amulet)
HPRegen  0.15/turn              (no ring)
MPRegen  0.10/turn              (no ring)

@: no status effects
A: distributed training, fangs 1, strong nose
a: no special abilities


You were on level 4 of the Dungeon.
You were not hungry.

You visited 1 branch of the dungeon, and saw 4 of its levels.

You collected 190 gold pieces.

Inventory:

Hand Weapons
 a - a +0 trident (weapon)
Armour
 c - a +0 shield (worn)
 q - a +0 chain mail (worn)
 r - a +0 pair of gloves
 t - a +0 pair of boots
Jewellery
 e - an uncursed ring of protection from magic {unknown}
 u - an uncursed ring of insulation {unknown}
Scrolls
 b - a scroll of amnesia {unknown}
 g - a scroll of noise {unknown}
 i - 2 scrolls of identify {unknown}
 j - 3 scrolls of remove curse {unknown}
 k - 2 scrolls of teleportation {unknown}
Potions
 d - a potion of might
 h - a potion of heal wounds {unknown}
 l - a potion of degeneration {unknown}
 m - a potion of haste {unknown}
 n - a potion of berserk rage {unknown}
 o - 2 potions of curing {unknown}
 p - 2 potions of flight {unknown}
Comestibles
 f - 7 rations {!d}
 s - 3 chunks of flesh


   Skills:
 + Level 6.6 Fighting
 + Level 1.3 Short Blades
 + Level 1.3 Long Blades
 + Level 1.3 Axes
 + Level 1.3 Maces & Flails
 + Level 4.7 Polearms
 + Level 1.3 Staves
 + Level 1.3 Slings
 + Level 1.3 Bows
 + Level 1.3 Crossbows
 + Level 1.3 Throwing
 + Level 6.6 Armour
 + Level 1.3 Dodging
 + Level 1.3 Stealth
 + Level 6.6 Shields
 + Level 1.3 Unarmed Combat
 + Level 1.3 Spellcasting
 + Level 1.1 Conjurations
 + Level 1.1 Hexes
 + Level 1.1 Charms
 + Level 1.1 Summonings
 + Level 1.1 Necromancy
 + Level 1.1 Translocations
 + Level 1.1 Transmutations
 + Level 1.1 Fire Magic
 + Level 1.1 Ice Magic
 + Level 1.1 Air Magic
 + Level 1.1 Earth Magic
 + Level 1.1 Poison Magic
 + Level 1.5 Invocations
 + Level 1.3 Evocations


You had 6 spell levels left.
You didn't know any spells.
Your spell library was empty.

Dungeon Overview and Level Annotations

Branches:
Dungeon (4/12)
 Temple: D:4-7

Altars:
Ru
Trog
Wu Jian

Shops:
D:4 [


Innate Abilities, Weirdness & Mutations

Your experience applies equally to all skills.
You have very sharp teeth.
Your uncanny sense of smell can sniff out nearby items.


Message History

The orc wizard blinks!
The centaur skeleton hits you.
* * * LOW HITPOINT WARNING * * *
You block the leopard gecko's attack. The centaur skeleton hits you.
* * * LOW HITPOINT WARNING * * *
The orc wizard gestures wildly while chanting.
The orc wizard blinks!
The orc wizard casts a spell.
The orc wizard blinks!
The centaur skeleton hits you but does no damage.
The leopard gecko bites you but does no damage.
The centaur skeleton hits you.
* * * LOW HITPOINT WARNING * * *
The orc wizard casts a spell at you. The magic dart hits you!
You block the shadow imp's attack.
The orc priest mumbles some strange prayers to Beogh against you.
Beogh smites you!
You die...

##.# #..## ### #...#
###.###..# #........##
##......o..###
#<.##....#...#
#...##...Z....####
#...##..@5l......#
....###...........# ##
....##......o.....##.###
###................#..#.##
##.....##....oo........##
##..## ###....o.......#.
#.. ##.........###.. .. ∆
##..........## ..
#............###.


You could see an orc priest, 2 orc wizards, a shadow imp, 2 orcs, a leopard
gecko and a centaur skeleton.

Vanquished Creatures
  3 adders (D:3)
  4 gnolls
  A dart slug (D:2)
  2 worms (D:3)
  2 leopard geckos (D:2)
  An orc (D:3)
  A giant cockroach (D:1)
  5 goblins
  7 hobgoblins
  5 jackals
  A quokka (D:2)
  3 bats
  4 frilled lizards
  12 kobolds
  2 rats
53 creatures vanquished.

Notes
Turn   | Place    | Note
-------+----------+-------------------------------------------
     0 | D:1      | Mrkan the Gnoll Fighter began the quest for the Orb.
     0 | D:1      | Reached XP level 1. HP: 23/23 MP: 1/1
   260 | D:1      | Reached XP level 2. HP: 29/29 MP: 2/2
   872 | D:2      | Reached XP level 3. HP: 33/35 MP: 3/3
  1336 | D:2      | Found a bloodstained altar of Trog.
  1336 | D:2      | Found an ornate altar of the Wu Jian Council.
  1463 | D:2      | Reached skill level 1 in Invocations
  1875 | D:3      | Reached skill level 1 in Short Blades
  1875 | D:3      | Reached skill level 1 in Long Blades
  1875 | D:3      | Reached skill level 1 in Axes
  1875 | D:3      | Reached skill level 1 in Maces & Flails
  1875 | D:3      | Reached skill level 1 in Staves
  1875 | D:3      | Reached skill level 1 in Slings
  1875 | D:3      | Reached skill level 1 in Bows
  1875 | D:3      | Reached skill level 1 in Crossbows
  1875 | D:3      | Reached skill level 1 in Throwing
  1875 | D:3      | Reached skill level 1 in Dodging
  1875 | D:3      | Reached skill level 1 in Stealth
  1875 | D:3      | Reached skill level 1 in Unarmed Combat
  1875 | D:3      | Reached skill level 1 in Spellcasting
  1875 | D:3      | Reached skill level 1 in Evocations
  1875 | D:3      | Reached XP level 4. HP: 12/41 MP: 5/5
  2449 | D:3      | Found a sacrificial altar of Ru.
  2453 | D:3      | Reached skill level 1 in Conjurations
  2453 | D:3      | Reached skill level 1 in Hexes
  2453 | D:3      | Reached skill level 1 in Charms
  2453 | D:3      | Reached skill level 1 in Summonings
  2453 | D:3      | Reached skill level 1 in Necromancy
  2453 | D:3      | Reached skill level 1 in Translocations
  2453 | D:3      | Reached skill level 1 in Transmutations
  2453 | D:3      | Reached skill level 1 in Fire Magic
  2453 | D:3      | Reached skill level 1 in Ice Magic
  2453 | D:3      | Reached skill level 1 in Air Magic
  2453 | D:3      | Reached skill level 1 in Earth Magic
  2453 | D:3      | Reached skill level 1 in Poison Magic
  2681 | D:3      | Reached XP level 5. HP: 47/47 MP: 6/6
  2942 | D:4      | Found Civaici's Armour Shop.
  3020 | D:4      | Killed from afar by an orc priest

Skill      XL: |  1  2  3  4 |
---------------+-------------+-----
Invocations    | 1 |  1.5
Short Blades   | 1 |  1.3
Long Blades    | 1 |  1.3
Axes           | 1 |  1.3
Maces & Flails | 1 |  1.3
Staves         | 1 |  1.3
Slings         | 1 |  1.3
Bows           | 1 |  1.3
Crossbows      | 1 |  1.3
Throwing       | 1 |  1.3
Dodging        | 1 |  1.3
Stealth        | 1 |  1.3
Unarmed Combat | 1 |  1.3
Spellcasting   | 1 |  1.3
Evocations     | 1 |  1.3
Conjurations   | 1 |  1.1
Hexes          | 1 |  1.1
Charms         | 1 |  1.1
Summonings     | 1 |  1.1
Necromancy     | 1 |  1.1
Translocations | 1 |  1.1
Transmutations | 1 |  1.1
Fire Magic     | 1 |  1.1
Ice Magic      | 1 |  1.1
Air Magic      | 1 |  1.1
Earth Magic    | 1 |  1.1
Poison Magic   | 1 |  1.1
Fighting       | |  6.6
Polearms       | |  4.7
Armour         | |  6.6
Shields        | |  6.6

Action                   |  1- 3 |  4- 6 || total
-------------------------+-------+-------++-------
Melee: Trident           |   109 |    77 ||   186
       Bite              |    12 |    11 ||    23
  Use: Potion            |       |     1 ||     1
  Eat: Chunk             |     1 |     2 ||     3
       Ration            |       |     1 ||     1
Armor: Scale mail        |    46 |     2 ||    48
       Chain mail        |       |    27 ||    27
Dodge: Dodged            |    35 |    17 ||    52
Block: Shield            |    67 |    56 ||   123
